 Dungeon Crawl Stone Soup version 0.30-a0-930-gb9d0489357 (webtiles) character file.

Game seed: 2234859898659110976

104 ytrimaz the Chopper (level 4, -3/37 HPs)
             Began as a Demigod Fighter on Mar 23, 2023.
             Slain by a gnoll
             ... wielding a +0 club
              (5 damage)
             ... on level 3 of the Dungeon.
             The game lasted 00:02:33 (2053 turns).

ytrimaz the Chopper (Demigod Fighter)               Turns: 2053, Time: 00:02:34

Health: -3/37      AC:  6    Str: 21    XL:     4   Next: 28%
Magic:  6/6        EV:  9    Int: 10    God:
Gold:   106        SH:  4    Dex: 13    Spells: 3/3 levels left

rFire   . . .      SeeInvis .    a - +0 war axe
rCold   . . .      Faith    .    c - +0 buckler
rNeg    . . .      Spirit   .    b - +0 scale mail
rPois   .          Reflect  .    (no helmet)
rElec   .          Rampage  .    (no cloak)
rCorr   .                        (no gloves)
Will    .....                    (no boots) Stlth
                                 (no amulet)
HPRegen 0.26/turn                (no ring)
MPRegen 0.10/turn                (no ring)

@: no status effects
A: high MP 1, forlorn, divine attributes
a: no special abilities


You were on level 3 of the Dungeon.
You visited 1 branch of the dungeon, and saw 3 of its levels.

You collected 106 gold pieces.


Innate Abilities, Weirdness & Mutations

You have an increased reservoir of magic. (+10% MP)
You shall have no god before yourself.
Your divine heritage dramatically boosts your attributes as you level up.


   Skills:
 - Level 2.6 Fighting
 + Level 4.4 Axes
 - Level 2.6 Armour
 - Level 2.6 Shields


You had 3 spell levels left.
You didn't know any spells.
Your spell library was empty.

Inventory:

Hand Weapons
 a - a +0 war axe (weapon)
Armour
 b - a +0 scale mail (worn)
 c - a +0 buckler (worn)
Scrolls
 g - 2 scrolls of teleportation
 j - a scroll of immolation
Potions
 d - a potion of might
 i - a potion of magic {unknown}
 k - 2 potions of curing
 l - a potion of mutation {unknown}

Dungeon Overview and Level Annotations

Branches:
Dungeon (3/15) Zot: 15879

#############
#...g@......#
......#######.#
###.# ##.## #
#...# #.### # #.#
#. #.# ..##..
####.##
#.##...###.....##


You could see a gnoll.


Message History

You take 3 damage, and now have 32/37 hp.
You slash the rat!
You kill the rat!
No target in view!
Unknown command.
No target in view! 😕 HP[+1] Key pressed, stopping explore.
No target in view!
Found a stone staircase leading down. 😎 HP[+4]
Your hp is fully restored (37).
No target in view!
Found an escape hatch in the ceiling.
No target in view!
A gnoll comes into view. It is wielding a +0 spear.
A gnoll is nearby!
A gnoll is nearby!
A gnoll is nearby!
A gnoll comes into view. It is wielding a +0 spear.
The gnoll shouts!
You hear a shout!
A gnoll comes into view. It is wielding a +0 club.
You block the gnoll's attack.
You barely miss the gnoll.
A rat comes into view.
You block the gnoll's attack.
You hit the gnoll.
The rat twitches its whiskers.
The gnoll hits you with a +0 spear. x2
The gnoll hits you from afar with a +0 spear. 😮 HP[-10]
You take 10 damage, and now have 27/37 hp.
MASSIVE DAMAGE!! (PAUSE)
You hit the gnoll. The gnoll completely misses you.
You block the gnoll's attack. 😕 HP[+1] Unknown command.
You hit the gnoll. The gnoll hits you with a +0 spear.
The gnoll hits you from afar with a +0 spear.
The gnoll completely misses you.
The gnoll hits you from afar with a +0 spear.
* * * LOW HITPOINT WARNING * * *
😨 HP[-10]
You take 10 damage, and now have 18/37 hp.
MASSIVE DAMAGE!! (PAUSE)
You hit the gnoll.
You kill the gnoll!
You block the gnoll's attack. The gnoll closely misses you.
You see here a +0 spear. 😮 HP[+1] Unknown command.
You hit the gnoll. The gnoll hits you with a +0 spear.
* * * LOW HITPOINT WARNING * * *
😨 HP[-3]
You take 3 damage, and now have 16/37 hp.
You hit the gnoll.
The gnoll hits you but does no damage. x2
Unknown command.
You slash the gnoll!
You block the gnoll's attack. 😨 HP[+1] Unknown command.
You slash the gnoll!
You kill the gnoll!
You slash the rat!
You kill the rat!
The gnoll hits you but does no damage.
Unknown command.
You barely miss the gnoll. The gnoll hits you with a +0 club.
* * * LOW HITPOINT WARNING * * *
😨 HP[-3]
You take 3 damage, and now have 14/37 hp.
You closely miss the gnoll. The gnoll closely misses you.
Unknown command.
You closely miss the gnoll. You block the gnoll's attack.
The gnoll hits you with a +0 club.
* * * LOW HITPOINT WARNING * * *
😨 HP[-1]
You take 1 damage, and now have 13/37 hp.
Unknown command.
You hit the gnoll. The gnoll barely misses you. 😨 HP[+1]
You hit the gnoll. You block the gnoll's attack.
Unknown command.
You barely miss the gnoll. The gnoll hits you with a +0 club.
* * * LOW HITPOINT WARNING * * *
The gnoll hits you with a +0 club.
* * * LOW HITPOINT WARNING * * *
😱 HP[-8]
You take 8 damage, and now have 6/37 hp.
MASSIVE DAMAGE!! (PAUSE)
You closely miss the gnoll. The gnoll hits you with a +0 club.
* * * LOW HITPOINT WARNING * * *
😱 HP[-5]
You take 5 damage, and now have 1/37 hp.
You closely miss the gnoll. The gnoll barely misses you.
Unknown command.
Unknown command.
You hit the gnoll but do no damage. The gnoll barely misses you.
The gnoll hits you with a +0 club.
You die...

Skill      XL: |  1  2  3 |
---------------+----------+-----
Axes           | 2 3 4 |  4.4
Fighting       | |  2.6
Armour         | |  2.6
Shields        | |  2.6

Action                     |  1- 3 |  4- 6 || total
---------------------------+-------+-------++-------
  Melee: War axe           |   125 |    27 ||   152
    Use: Scroll            |     5 |       ||     5
         Potion            |     1 |       ||     1
   Stab: Invisible         |     2 |       ||     2
 Armour: Scale mail        |    66 |     5 ||    71
  Dodge: Dodged            |    75 |    10 ||    85
  Block: Buckler           |    34 |     8 ||    42

Levels and vault maps discovered:
D:1:      lightli_arrival_isolated_outpost, layout_loops_ring, st_stairs_7
D:2:      layout_basic, roderic_lattice_a, uniq_robin
D:3:      layout_basic

Notes
Turn   | Place    | Note
-------+----------+-------------------------------------------
     0 | D:1      | ytrimaz the Demigod Fighter began the quest for the Orb.
     0 | D:1      | Reached XP level 1. HP: 18/18 MP: 3/3
     0 | D:1      | magus.rc [v1.9.6]
    30 | D:1      | Reached skill level 2 in Axes
   133 | D:1      | Reached XP level 2. HP: 25/25 MP: 4/4
   444 | D:1      | Reached skill level 3 in Axes
   706 | D:1      | Reached XP level 3. HP: 29/30 MP: 5/5
   975 | D:2      | Noticed Robin
   992 | D:2      | Killed Robin
  1191 | D:2      | Reached skill level 4 in Axes
  1955 | D:3      | Reached XP level 4. HP: 37/37 MP: 6/6
  2050 | D:3      | HP: 6/37 [gnoll/+0 club (4)]
  2051 | D:3      | HP: 1/37 [gnoll/+0 club (6)]
  2053 | D:3      | Slain by a gnoll

Vanquished Creatures
  Robin (D:2)
  2 gnolls (D:3)
  An adder (D:2)
  3 dart slugs
  4 bats (D:1)
  5 endoplasms
  2 giant cockroaches
  6 goblins
  8 hobgoblins
  2 jackals (D:1)
  6 kobolds
  3 quokkas (D:2)
  5 ball pythons
  2 frilled lizards
  7 rats
57 creatures vanquished.

Vanquished Creatures (others)
  A goblin (D:2)
1 creature vanquished.

Grand Total: 58 creatures vanquished

Table legend:
 A = Non-vault XP
 B = Vault XP
 C = Vault XP percentage of total XP
 D = Non-vault monster count
 E = Vault monster count
 F = Vault count percentage of total count
                 A         B        C        D         E       F
            +---------+---------+-------+---------+---------+-------
      Total |     119 |      30 |  20.1 |      48 |       9 |  15.8
            +---------+---------+-------+---------+---------+-------
        D:1 |      49 |       1 |   2.0 |      27 |       1 |   3.6
        D:2 |      36 |      29 |  44.6 |      16 |       8 |  33.3
        D:3 |      34 |       0 |   0.0 |       5 |       0 |   0.0
            +---------+---------+-------+---------+---------+-------

Illustrated notes

Table legend:
 A = Kills in this place as a percentage of kills in the entire game.
 B = Kills by you in this place as a percentage of kills by you in the entire game.
 C = Kills by friends in this place as a percentage of kills by friends in the entire game.
 D = Other kills in this place as a percentage of other kills in the entire game.
 E = Experience gained in this place as a percentage of experience gained in the entire game.
 F = Experience gained in this place divided by the number of levels of this place that you have seen.
                   A       B       C       D       E      F
               +-------+-------+-------+-------+-------+----------------------
         Total | 100.0 | 100.0 |   N/A |   N/A | 100.0 |  49.7
       Dungeon | 100.0 | 100.0 |   N/A |   N/A | 100.0 |  49.7
               +-------+-------+-------+-------+-------+----------------------

Table legend: (Time is in decaauts)
 A = Elapsed time spent in this place.
 B = Non-inter-level travel time spent in this place.
 C = Inter-level travel time spent in this place.
 D = Time resting spent in this place.
 E = Time spent auto-exploring this place.
 F = Levels seen in this place.
 G = Mean time per level.
                   A        B        C        D        E       F      G
               +--------+--------+--------+--------+--------+-----+--------+
         Total |   2119 |   2080 |     39 |    153 |   1486 |   3 |  706.3 |
       Dungeon |   2119 |   2080 |     39 |    153 |   1486 |   3 |  706.3 |
               +--------+--------+--------+--------+--------+-----+--------+

Top non-repeatable levels by time:
     D:2: 1067 daAuts
     D:1: 923 daAuts
     D:3: 128 daAuts
